 Dungeon Crawl Stone Soup version 0.20-a0-949-g916514f (webtiles) character file.

56 Rrauwl the Bolt Thrower (level 3, 0/31 HPs)
             Began as a Ghoul Hunter on Apr 4, 2017.
             Slain by Sigmund
             ... wielding a +0 scythe
              (9 damage)
             ... on level 2 of the Dungeon.
             The game lasted 00:04:31 (790 turns).

Rrauwl the Bolt Thrower (Ghoul Hunter)               Turns: 790, Time: 00:04:32

Health: 0/31       AC:  3    Str: 15    XL:     3   Next: 95%
Magic:  2/2        EV: 17    Int:  6    God:
Gold:   41         SH:  0    Dex: 15    Spells: 2/2 levels left

rFire    . . .     SeeInvis .   b - +0 short sword
rCold    + . .     Gourm    .   (no shield)
rNeg     + + +     Faith    .   c - +0 leather armour
rPois    ∞         Spirit   .   (no helmet)
rElec    .         Reflect  .   (no cloak)
rCorr    .         Harm     .   (no gloves)
MR       .....                  (no boots)
Stlth    +++.......             (no amulet)
Regen    0.0/turn               (no ring)
MPRegen  0.1/turn               (no ring)

@: agile, rotting
A: rotting body, claws 1, carnivore 3, cold resistance 1, negative energy
resistance 3, inhibited regeneration, torment resistance, unbreathing
a: no special abilities


You were on level 2 of the Dungeon.
You were not hungry.

You visited 1 branch of the dungeon, and saw 2 of its levels.

You collected 41 gold pieces.

Inventory:

Hand Weapons
 a - a +1 hand crossbow
 b - a +0 short sword (weapon)
Armour
 c - a +0 leather armour (worn)
Scrolls
 i - a scroll of fear {unknown}
 k - a scroll of immolation {unknown}
 m - a scroll of enchant armour {unknown}
 n - a scroll of magic mapping {unknown}
 o - a scroll of remove curse {unknown}
Potions
 e - a potion of lignification
 g - a potion of flight {unknown}
 j - a potion of invisibility {unknown}
 l - a potion of agility
Comestibles
 f - 2 meat rations
 h - 3 chunks of flesh


   Skills:
 + Level 3.1 Fighting
 + Level 3.7 Crossbows
 + Level 1.2 Armour
 + Level 2.5 Dodging
 - Level 1.1 Stealth


You had 2 spell levels left.
You didn't know any spells.

Dungeon Overview and Level Annotations

Branches:
Dungeon (2/15)

Altars:

Annotations:
D:2 Sigmund


Innate Abilities, Weirdness & Mutations

Your body is rotting away.
You thrive on raw meat.
You are immune to poison.
You have sharp fingernails.
You are carnivorous and can eat meat at any time.
Your flesh is cold resistant. (rC+)
You are immune to negative energy. (rN+++)
You do not regenerate when monsters are visible.
You are immune to unholy pain and torment.
You can survive without breathing.


Message History

Aim: Sigmund, wielding a scythe and wearing a robe (severely wounded)
You shoot a bolt. The bolt barely misses Sigmund.
Sigmund gestures wildly while chanting.
Sigmund flickers and vanishes!
Deactivating autopickup; reactivate with Ctrl-A.
No target in view!
It was a potion of agility.
You feel agile all of a sudden. Something hits you!
* * * LOW HITPOINT WARNING * * *
It was a potion of lignification.
You feel woody for a moment.
Firing (i - inventory):
d - a bolt (quivered)
Press: ? - help, Shift-Dir - straight line You shoot a bolt.
Something closely misses you.
Wield which item (- for none, * to show all)? (? for menu, Esc to quit)
b - a +0 short sword (weapon)
Something hits you but does no damage.
You miss something. Something barely misses you.
You miss something. Something hits you!
You die...

#########
#(..@.((. #(#
#.# #{# #@# #.#
#######.####
#..........###
#............#
#.#####.##.#.#
#.# #.# .# #
#######.#####.#
#
#..............


There were no monsters in sight!

Vanquished Creatures
  An adder (D:2)
  A worm (D:2)
  2 dart slugs (D:1)
  A leopard gecko (D:1)
  3 giant cockroaches (D:1)
  4 hobgoblins
  4 jackals (D:1)
  4 kobolds (D:1)
  A quokka (D:2)
  A ball python (D:1)
  6 bats
  3 frilled lizards
  4 goblins (D:1)
  3 rats
38 creatures vanquished.

Notes
Turn   | Place    | Note
-------+----------+-------------------------------------------
     0 | D:1      | Rrauwl the Ghoul Hunter began the quest for the Orb.
     0 | D:1      | Reached XP level 1. HP: 17/17 MP: 0/0
    74 | D:1      | Reached XP level 2. HP: 21/25 MP: 1/1
   181 | D:1      | Reached XP level 3. HP: 30/30 MP: 2/2
   221 | D:1      | Reached skill level 1 in Armour
   771 | D:2      | Noticed Sigmund
   790 | D:2      | Slain by Sigmund

Vault maps used:
D:1:      minmay_arrival_glassed_features, hangedman_glass_teeth,
          minmay_split_cup_small
D:2:      first_bread, uniq_sigmund

Skill      XL: |  1  2  3 |
---------------+----------+-----
Dodging        | 2 |  2.5
Armour         | 1 |  1.2
Fighting       | 3 |  3.1
Crossbows      | |  3.7
Stealth        | |  1.1

Action                   || total
-------------------------++-------
Melee: Short sword       ||     2
 Fire: Hand crossbow     ||    89
  Use: Potion            ||     2
  Eat: Chunk             ||     1
Armor: Leather armour    ||    11
Dodge: Dodged            ||    19
